 Dungeon Crawl Stone Soup version 0.21.1-1-g345015fe64 (webtiles) character file.

44 KleinerIrrer the Chopper (level 3, -3/23 HPs)
             Began as a Gargoyle Fighter on Apr 4, 2018.
             Killed from afar by Sigmund (6 damage)
             ... with a magic dart
             ... on level 2 of the Dungeon.
             The game lasted 00:00:18 (1335 turns).

KleinerIrrer the Chopper (Gargoyle Fighter)         Turns: 1335, Time: 00:00:19

Health: -3/23      AC: 14    Str: 20    XL:     3   Next: 60%
Magic:  3/3        EV:  3    Int:  8    God:
Gold:   66         SH:  0    Dex:  9    Spells: 2/2 levels left

rFire    . . .     SeeInvis .   Y - +0 war axe
rCold    . . .     Gourm    .   c - +0 shield
rNeg     + . .     Faith    .   h - +0 plate armour
rPois    ∞         Spirit   .   (no helmet)
rElec    +         Reflect  .   (no cloak)
rCorr    .         Harm     .   (no gloves)
MR       .....                  (no boots)
Stlth    ..........             (no amulet)
HPRegen  0.07/turn              (no ring)
MPRegen  0.08/turn              (no ring)

@: confused
A: negative energy resistance 1, electricity resistance, unbreathing,
petrification resistance, rot immunity, AC +3
a: no special abilities


You were on level 2 of the Dungeon.
You were not hungry.

You visited 1 branch of the dungeon, and saw 2 of its levels.

You collected 66 gold pieces.


Innate Abilities, Weirdness & Mutations

You are resistant to torment.
Your stone body is resilient. (AC +3)
You are immune to poison.
You resist negative energy. (rN+)
You are resistant to electric shocks. (rElec)
You can survive without breathing.
You are immune to petrification.
You are immune to rotting.


   Skills:
 - Level 3.2 Fighting
 + Level 3.5 Axes
 - Level 3.2 Armour
 - Level 3.2 Shields


You had 2 spell levels left.
You didn't know any spells.

Inventory:

Hand Weapons
 m - a +0 mace
 Y - a +0 war axe (weapon)
Armour
 c - a +0 shield (worn)
 h - a +0 plate armour (worn)
Scrolls
 a - 2 scrolls of remove curse
Potions
 b - a potion of resistance {unknown}
 d - a potion of might
 e - a potion of magic {unknown}
 g - a potion of flight {unknown}
 i - a potion of invisibility {unknown}
 n - a potion of brilliance {unknown}
Comestibles
 f - 2 rations

Dungeon Overview and Level Annotations

Branches:
Dungeon (2/15)

Altars:

Annotations:
D:2 Sigmund


Message History

You closely miss the giant cockroach. You miss something.
You feel less confused.
The giant cockroach bites you but does no damage.
You hear some strange, mumbled words.
You are confused.
You hit the giant cockroach.
The giant cockroach is heavily wounded.
Your shield and plate armour prevent you from hitting something.
The giant cockroach bites you but does no damage.
You hear some strange, mumbled words.
Something tries to affect you, but you resist.
The giant cockroach bites you. Something hits you but does no damage.
You hit the giant cockroach.
You kill the giant cockroach!
You miss something.
You're too confused to attack without stumbling around!
You hear some strange, mumbled words.
A magic dart appears from out of thin air!
The magic dart hits you!
You die...

.......... .#
#......... .#
#......... ##.##
#......... ####+#)..
#......... #.......#
#...###### #.......#
#...'..... #.....?.##
#...###### #....@{..#
#...# ### #...()...#
##'## #..
#......).#####'#####..
#........##.......##..
#........##.......##..
#........##.......##..
#........##.......##..
#....###.......######.
#.... #.####### ##


There were no monsters in sight!

Vanquished Creatures
  A worm (D:2)
  2 dart slugs (D:1)
  2 leopard geckos (D:1)
  A ball python (D:1)
  3 giant cockroaches
  2 hobgoblins (D:1)
  5 kobolds
  9 bats
  A frilled lizard (D:2)
  3 goblins
  6 rats
35 creatures vanquished.

Notes
Turn   | Place    | Note
-------+----------+-------------------------------------------
     0 | D:1      | KleinerIrrer the Gargoyle Fighter began the quest for the Orb.
     0 | D:1      | Reached XP level 1. HP: 14/14 MP: 1/1
     0 | D:1      | 0 ||| counter = 49
   113 | D:1      | 113 ||| DROPPING club.
   306 | D:1      | Reached XP level 2. HP: 18/19 MP: 2/2
   456 | D:1      | Reached skill level 3 in Axes
   486 | D:1      | Reached XP level 3. HP: 23/23 MP: 3/3
   864 | D:1      | 864 ||| UPGRADING to plate armour.
   874 | D:1      | 874 ||| DROPPING +0 scale mail.
   875 | D:1      | 875 ||| READING 4 scrolls labeled ONNENA UGELASE.
   876 | D:1      | 876 ||| UPGRADING to glowing mace.
   877 | D:1      | 877 ||| READING 3 scrolls of remove curse.
   878 | D:1      | 878 ||| SWAPPING to +0 war axe.
   879 | D:1      | 879 ||| DROPPING -1 mace.
   880 | D:1      | 880 ||| UPGRADING to mace.
   881 | D:1      | 881 ||| SWAPPING to +0 war axe.
   882 | D:1      | 882 ||| READING scroll labeled MECEICO HEVEO.
   883 | D:1      | 883 ||| READING scroll labeled RUFOCIMP WEUDECRO.
  1320 | D:2      | Noticed Sigmund
  1325 | D:2      | HP: 5/23 [giant cockroach (1)]
  1333 | D:2      | HP: 3/23 [giant cockroach (1)]
  1335 | D:2      | Killed from afar by Sigmund

Vault maps used:
D:1:      eino_arrival_cavern_c, hangedman_decor_push, minivault_19
D:2:      uniq_sigmund

Skill      XL: |  1  2 |
---------------+-------+-----
Axes           | 2 3 |  3.5
Fighting       | |  3.2
Armour         | |  3.2
Shields        | |  3.2

Action                   || total
-------------------------++-------
Melee: War axe           ||   166
  Use: Scroll            ||     4
  Eat: Chunk             ||     2
Armor: Scale mail        ||    32
       Plate armour      ||   101
Dodge: Dodged            ||    44
Block: Shield            ||    87

Table legend:
 A = Spawn XP
 B = Non-spawn XP
 C = Spawn XP percentage of total XP
 D = Spawn monster count
 E = Non-spawn monster count
 F = Spawn count percentage of total count
 G = Total turns spent on level
                    A         B        C        D         E        F      G
               +---------+---------+-------+---------+---------+-------+---------
         Total |       0 |      63 |   0.0 |       0 |      35 |   0.0 |  1335
               +---------+---------+-------+---------+---------+-------+---------
           D:1 |       0 |      44 |   0.0 |       0 |      24 |   0.0 |   906
           D:2 |       0 |      19 |   0.0 |       0 |      11 |   0.0 |   429
               +---------+---------+-------+---------+---------+-------+---------
